 Dungeon Crawl Stone Soup version bcrawl-1.14 (webtiles) character file.

Game seed: 15220965594063836502

11428 Revguard the Basher (level 11, -5/89 HPs)
             Began as a Demonspawn Archaeologist on Sept 6, 2019.
             Was an Initiate of Ru.
             Hit by a javelin thrown by Urug (18 damage)
             ... on level 10 of the Dungeon.
             The game lasted 00:31:27 (9926 turns).

Revguard the Basher (Demonspawn Archaeologist)      Turns: 9926, Time: 00:31:28

Health: -5/89      AC: 21    Str: 13    XL:     11   Next: 49%
Magic:  4/4        EV:  6    Int: 19    God:    Ru [......]
Gold:   1088       SH:  0    Dex: 14    Spells: 10/10 levels left

rFire    + . .     SeeInvis .   f - +7 great mace "Undeadhunter" {disrupt, rN+}
rCold    x . .     Gourm    .   (shield currently unavailable)
rNeg     + . .     Faith    .   r - +0 plate armour
rPois    .         Spirit   .   c - +1 hat
rElec    .         Reflect  .   h - +0 cloak
rCorr    .         Harm     .   (no gloves)
MR       ++...                  e - +2 pair of boots "Seidolu" {+Fly MR++ MP-9 Dex+2}
Stlth    ..........             v - amulet of regeneration
HPRegen  0.64/turn              (no ring)
MPRegen  0.09/turn              o - ring of fire

@: very slightly contaminated
A: hooves 1, horns 2, yellow scales 1, clever 1, nightstalker 1, no stealth
a: Renounce Religion, Evoke Flight


You were on level 10 of the Dungeon.
You worshipped Ru.
Ru was noncommittal.
You were not hungry.

You visited 2 branches of the dungeon, and saw 11 of its levels.
You also visited: Ossuary.

You collected 1088 gold pieces.

Inventory:

Hand Weapons
 f - the +7 great mace "Undeadhunter" (weapon) {disrupt, rN+}

   It protects you from negative energy.
Missiles
 p - 126 javelins (quivered)
Armour
 c - a +1 hat (worn)
 e - the +2 pair of boots "Seidolu" (worn) {+Fly MR++ MP-9 Dex+2}
   (You acquired it on level 8 of the Dungeon)

   It affects your dexterity (+2).
   It affects your resistance to hostile enchantments.
   It affects your magic capacity (-9).
   It lets you fly.
 h - a +0 cloak (worn)
 r - a +0 plate armour (worn)
Jewellery
 n - a +2 amulet of reflection
 o - a ring of fire (right hand)
 v - an amulet of regeneration (around neck)
Wands
 A - a wand of iceblast (6)
 B - a wand of random effects (13)
Scrolls
 a - 2 scrolls of identify
 j - 4 scrolls of teleportation
 l - 6 scrolls of remove curse
 u - 2 scrolls of fog
 w - a scroll of magic mapping
 F - a scroll of enchant weapon
Potions
 i - a potion of resistance
 m - a potion of curing
 q - a potion of mutation
 s - a potion of flight
 x - a potion of lignification
 z - a potion of haste
Miscellaneous
 k - a lightning rod (3/4)
 D - a box of beasts
Comestibles
 d - 10 chunks of flesh
 g - 28 rations {!d}


   Skills:
 * Level 9.4 Fighting
 + Level 11.5 Maces & Flails
 - Level 1.6 Throwing
 * Level 7.8 Armour
 + Level 5.3 Dodging
 * Level 3.0 Evocations


You had 10 spell levels left.
You didn't know any spells.
Your spell library contained the following spells:

 Spells                   Type           Power        Failure   Level  Hunger
 Freeze                   Ice            #.....       100%        1    ##.....
 Throw Frost              Conj/Ice       #.....       100%        2    ###....
 Ozocubu's Armour         Chrm/Ice       #.......     100%        3    ####...
 Summon Ice Beast         Ice/Summ       #.......     100%        4    #####..
 Throw Icicle             Conj/Ice       #.......     100%        4    #####..
 Iskenderun's Battlesphe  Conj/Chrm      #.......     100%        5    ######.
 Iron Shot                Conj/Erth      #.........   100%        6    #######
 Poison Arrow             Conj/Pois      #.........   100%        6    #######
 Orb of Destruction       Conj           #.........   100%        7    #######
 Spellforged Servitor     Conj/Summ      #.........   100%        7    #######


Dungeon Overview and Level Annotations

Branches:
Dungeon (10/12)            Temple (1/1) D:7            Lair (0/6) D:7
    Orc (0/1) D:8

Altars:
Cheibriados
Dithmenos
Elyvilon
Fedhas
Gozag
Hepliaklqana
Kikubaaqudgha
Lugonu
Makhleb
Nemelex Xobeh
Okawaru
Qazlal
Ru
Sif Muna
Trog
Uskayaw
Vehumet
Wu Jian
Xom
Yredelemnul
Zin
The Shining One

Shops:
D:9 %

Annotations:
D:10 Urug


Innate Abilities, Weirdness & Mutations

You have a pair of horns on your head.
You are partially covered in yellow scales. (AC +2)
You are slightly more attuned to the shadows.
You cannot be stealthy.
You have large cloven feet.
Your mind is acute. (Int +2)


Message History

g - Guard the area. f - Follow me.
Anything else - Cancel.
Gang up on whom?
Press: ? - help, Dir - move target cursor, f/p - Urug
Aim: Urug, wielding a +0 demon trident of electrocution and wearing a +0 chain mail Attack!
Your larval weirdbat beast hits Urug but does no damage.
Your larval weirdbat beast closely misses Urug.
Evoke which item? (* to show all) (? for menu, Esc to quit)
You open the lid... ...and a juvenile oxfire beast leaps out!
Your larval weirdbat beast hits Urug.
Your larval weirdbat beast grabs Urug.
Your larval weirdbat beast constricts Urug.
Urug barely misses you.
A tengu conjurer comes into view.
Your larval weirdbat beast loses its grip on Urug.
Urug throws a javelin.
The javelin barely misses your larval weirdsting beast.
The javelin hits you!!
You die...

#... #.⌠.#### #..# .#.%.#.. .#..#
....... ....
..Q..###......###.... ##......##
........ #...÷....# ..........
#..#..#..# #......... #..#
####.@#######....#...# #..#.
#%.#..#..#..#..###...# . ......
#..H..H..#...........# .###.
....###....Ho###.)......... ....
##.......###...).)......... ....
#.........#................ ...#
#...#. #..#.............
...#######...#######........##..#
#..#..#..#...#..#.†#.......######


You could see Urug, a tengu conjurer and 3 friendly mutant beasts.

Vanquished Creatures
  A two-headed ogre (D:10)
  A cyclops (D:9)
  An orc knight (D:9)
  An ugly thing (D:9)
  An elephant (D:7)
  A guardian serpent (shapeshifter) (D:8)
  A kobold demonologist (D:7)
  A komodo dragon (D:10)
  2 trolls
  A hippogriff (D:7)
  A spriggan (D:7)
  2 wyverns (D:10)
  Sigmund (D:6)
  4 yaks (D:8)
  A basilisk (D:7)
  A hungry ghost (D:10)
  Menkaure (D:5)
  4 orc warriors
  4 ice beasts
  A necrophage (D:8)
  3 phantoms
  2 sky beasts
  2 ogres
  4 centaurs
  A crocodile (D:7)
  Blork the orc (D:4)
  2 bullfrogs (D:9)
  11 killer bees
  A howler monkey (D:10)
  5 wights
  10 crimson imps
  A bullfrog zombie (D:4)
  4 centaur zombies
  5 hounds
  A jelly (D:6)
  3 gnoll shamans
  3 orc priests
  2 bullfrog skeletons
  2 centaur skeletons
  7 orc wizards
  Jessica (D:2)
  4 iguanas
  5 worker ants
  A hound zombie (D:5)
  A hound skeleton (D:3)
  8 mummies (Ossuary)
  4 worker ant zombies
  10 adders
  18 gnolls
  3 shadow imps
  An ooze (D:1)
  An adder zombie (D:7)
  3 adder skeletons
  5 worms
  A dart slug (D:2)
  2 leopard geckos
  19 orcs
  2 giant cockroaches (D:1)
  3 goblins
  15 hobgoblins
  7 jackals
  15 kobolds
  6 quokkas
  A ball python skeleton (D:4)
  4 bats
  4 frilled lizards
  4 hobgoblin zombies (Ossuary)
  3 kobold zombies (Ossuary)
  An orc zombie (Ossuary)
  A quokka zombie (D:6)
  4 rats
  A rat zombie (D:6)
259 creatures vanquished.

Vanquished Creatures (collateral kills)
  A death knight (D:10)
  A swamp worm (shapeshifter) (D:10)
  A bullfrog (D:10)
  A killer bee (D:10)
  A howler monkey (D:10)
5 creatures vanquished.

Vanquished Creatures (others)
  An adder (D:4)
1 creature vanquished.

Grand Total: 265 creatures vanquished

Notes
Turn   | Place    | Note
-------+----------+-------------------------------------------
     0 | D:1      | Revguard the Demonspawn Archaeologist began the quest for
                  | the Orb.
     0 | D:1      | Reached XP level 1. HP: 15/15 MP: 1/1
    47 | D:1      | Reached skill level 1 in Maces & Flails
   404 | D:1      | Gained mutation: You are partially covered in yellow
                  | scales. (AC +2) [demonic ancestry]
   404 | D:1      | Reached XP level 2. HP: 13/21 MP: 2/2
  1103 | D:2      | Reached XP level 3. HP: 27/27 MP: 3/3
  1791 | D:2      | Reached skill level 2 in Maces & Flails
  1982 | D:2      | Noticed Jessica
  1989 | D:2      | Killed Jessica
  1989 | D:2      | Reached XP level 4. HP: 33/33 MP: 4/4
  2397 | D:3      | Reached skill level 3 in Maces & Flails
  2409 | D:3      | Gained mutation: You are slightly more attuned to the
                  | shadows. [demonic ancestry]
  2409 | D:3      | Reached XP level 5. HP: 31/39 MP: 5/5
  2571 | D:3      | Reached skill level 4 in Maces & Flails
  2657 | D:3      | Found a shimmering altar of Xom.
  3003 | D:3      | Reached XP level 6. HP: 35/47 MP: 6/6
  3102 | D:3      | Reached skill level 5 in Maces & Flails
  3794 | D:4      | Reached XP level 7. HP: 44/53 MP: 7/7
  3840 | D:4      | Reached skill level 6 in Maces & Flails
  3867 | D:4      | Found a basalt altar of Yredelemnul.
  3954 | D:4      | Reached skill level 1 in Armour
  3968 | D:4      | Noticed Blork the orc
  4005 | D:4      | Killed Blork the orc
  4275 | D:4      | Reached skill level 5 in Dodging
  4488 | D:5      | Entered Level 5 of the Dungeon
  4655 | D:5      | Reached skill level 7 in Maces & Flails
  4660 | D:5      | Reached XP level 8. HP: 61/61 MP: 8/8
  4757 | D:5      | Noticed Menkaure
  4760 | D:5      | Killed Menkaure
  5463 | D:6      | Found a sand-covered staircase.
  5485 | Ossuary  | Entered an ossuary
  5497 | Ossuary  | Reached skill level 5 in Fighting
  5543 | Ossuary  | Reached skill level 8 in Maces & Flails
  5665 | Ossuary  | Gained mutation: You have large cloven feet. [potion of
                  | mutation]
  5665 | Ossuary  | Gained mutation: Your mind is acute. (Int +2) [potion of
                  | mutation]
  6004 | D:6      | Gained mutation: You have a pair of small horns on your
                  | head. [demonic ancestry]
  6004 | D:6      | Reached XP level 9. HP: 69/69 MP: 9/9
  6014 | D:6      | Reached skill level 1 in Throwing
  6082 | D:6      | Found a burning altar of Makhleb.
  6083 | D:6      | Found a corrupted altar of Lugonu.
  6139 | D:6      | Noticed Sigmund
  6149 | D:6      | Killed Sigmund
  6612 | D:7      | Reached skill level 9 in Maces & Flails
  6635 | D:7      | Found a staircase to the Ecumenical Temple.
  6654 | D:7      | Noticed an elephant
  6670 | Temple   | Entered the Ecumenical Temple
  7073 | Temple   | Became a worshipper of Ru the Awakened
  7113 | D:7      | Killed an elephant
  7113 | D:7      | Reached skill level 5 in Armour
  7299 | D:7      | Noticed a kobold demonologist
  7306 | D:7      | Killed a kobold demonologist
  7344 | D:7      | Reached XP level 10. HP: 40/79 MP: 10/10
  7629 | D:7      | Reached skill level 10 in Maces & Flails
  7813 | D:7      | Found a staircase to the Lair.
  8086 | D:8      | Gained mutation: You cannot be stealthy. [Ru sacrifice]
  8164 | D:8      | Noticed a cyclops
  8167 | D:8      | Noticed a guardian serpent
  8167 | D:8      | a cyclops changed into a guardian serpent
  8171 | D:8      | Killed a guardian serpent
  8225 | D:8      | Found a staircase to the Orcish Mines.
  8420 | D:8      | Identified a scroll of acquirement
  8423 | D:8      | Got a pair of jewelled boots
  8434 | D:8      | Identified the +2 pair of boots "Seidolu" {+Fly MR++ MP-9
                  | Dex+2} (You acquired it on level 8 of the Dungeon)
  8831 | D:9      | Noticed a cyclops
  8839 | D:9      | Killed a cyclops
  8839 | D:9      | Reached skill level 1 in Evocations
  9060 | D:9      | Reached skill level 11 in Maces & Flails
  9075 | D:9      | Noticed an orc knight
  9075 | D:9      | Noticed a green ugly thing
  9094 | D:9      | Killed a green ugly thing
  9098 | D:9      | Gained mutation: You have a pair of horns on your head.
                  | [demonic ancestry]
  9098 | D:9      | Reached XP level 11. HP: 66/87 MP: 3/12
  9112 | D:9      | Killed an orc knight
  9352 | D:9      | Found Dylyxzonk's Food Shoppe.
  9483 | D:10     | Entered Level 10 of the Dungeon
  9506 | D:10     | HP: 1/133 [killer bee (6)]
  9807 | D:10     | Noticed a two-headed ogre
  9816 | D:10     | Killed a two-headed ogre
  9850 | D:10     | Noticed a death knight
  9857 | D:10     | Killed a death knight
  9907 | D:10     | Noticed Urug
  9926 | D:10     | Hit by a javelin thrown by Urug

Skill      XL: |  1  2  3  4  5  6  7  8  9 10 11 |
---------------+----------------------------------+-----
Maces & Flails | 1 2 3 4 5 7 8 9 11 | 11.5
Dodging        | 3 4 5 |  5.3
Fighting       | 2 3 4 5 7 8 9 |  9.4
Armour         | 2 3 5 7 |  7.8
Throwing       | 1 |  1.6
Stealth        | 0 |  0.0
Evocations     | 1 3 |  3.0

Action                   |  1- 3 |  4- 6 |  7- 9 | 10-12 || total
-------------------------+-------+-------+-------+-------++-------
Melee: Whip              |   261 |   146 |       |       ||   407
       Mace              |       |   246 |   104 |       ||   350
       Great mace        |       |       |   223 |   282 ||   505
       Headbutt          |       |       |    14 |    37 ||    51
Throw: Javelin           |       |       |    20 |     8 ||    28
Invok: Sacrifice Stealth |       |       |       |     1 ||     1
Evoke: Box of beasts     |       |       |       |     6 ||     6
       Wand              |       |       |       |     5 ||     5
       Lightning rod     |       |       |       |     1 ||     1
  Use: Scroll            |     7 |       |     5 |     9 ||    21
       Potion            |     2 |     4 |     8 |     4 ||    18
 Stab: Sleeping          |     7 |     5 |       |       ||    12
       Distracted        |       |     1 |       |       ||     1
       Invisible         |       |     3 |       |       ||     3
  Eat: Chunk             |     4 |     3 |    12 |     9 ||    28
       Ration            |       |     1 |       |       ||     1
Armor: Robe              |    97 |   118 |       |       ||   215
       Scale mail        |       |    27 |    57 |       ||    84
       Chain mail        |       |       |    21 |       ||    21
       Plate armour      |       |       |   177 |   269 ||   446
       Skin              |       |       |       |    80 ||    80
Dodge: Dodged            |   209 |   262 |   145 |   110 ||   726
Block: Other             |       |    14 |    27 |     1 ||    42
